 Dungeon Crawl Stone Soup version 0.28.0 (webtiles) character file.

Game seed: 15100054719759011925

2942 fragbeetle the Cleaver (level 9, -3/70 HPs)
             Began as a Hill Orc Fighter on Feb 8, 2022.
             Was a High Priest of Uskayaw.
             Slain by a killer bee (4 damage)
             ... on level 8 of the Dungeon.
             The game lasted 00:12:45 (9340 turns).

fragbeetle the Cleaver (Hill Orc Fighter)           Turns: 9340, Time: 00:12:45

Health: -3/70      AC: 12    Str: 21    XL:     9   Next: 80%
Magic:  5/9        EV:  9    Int:  8    God:    Uskayaw [*****.]
Gold:   554        SH:  6    Dex: 12    Spells: 8/8 levels left

rFire   . . .      SeeInvis .   a - +0 war axe
rCold   . . .      Faith    .   c - +0 buckler
rNeg    . . .      Spirit   .   b - +0 scale mail
rPois   .          Reflect  .   k - +0 helmet
rElec   .          Harm     .   B - +2 cloak
rCorr   .          Rampage  .   p - +0 pair of gloves
Will    .....                   (no boots)
Stlth   ..........              (no amulet)
HPRegen 0.21/turn               (no ring)
MPRegen 0.11/turn               (no ring)

@: mighty, lethally poisoned (-3 -> -10)
A: no striking features
a: Renounce Religion, Stomp, Line Pass, Grand Finale


You were on level 8 of the Dungeon.
You worshipped Uskayaw.
Uskayaw was noncommittal.
You visited 2 branches of the dungeon, and saw 9 of its levels.
You also visited: Ossuary.

You collected 554 gold pieces.

Inventory:

Hand Weapons
 a - a +0 war axe (weapon)
 h - a +2 spear of freezing
 m - a +2 mace
Missiles
 i - 5 javelins (quivered)
 n - a throwing net
 y - 6 poisoned darts
Armour
 b - a +0 scale mail (worn)
 c - a +0 buckler (worn)
 k - a +0 helmet (worn)
 p - a +0 pair of gloves (worn)
 v - the +1 ring mail "Nokk" {rF- Int+5}
   (You found it on level 6 of the Dungeon)

   Int:       It affects your intelligence (+5).
   rF:        It makes you vulnerable to fire.
 B - a +2 cloak (worn)
Jewellery
 j - a ring of resist corrosion
 D - a ring of poison resistance
 J - a +4 ring of protection
Wands
 r - a wand of digging (7)
 x - a wand of flame (40)
 I - a wand of charming (6)
Scrolls
 e - 2 scrolls of vulnerability {unknown}
 f - 2 scrolls of teleportation {unknown}
 g - 13 scrolls of identify {unknown}
 l - a scroll of noise {unknown}
 w - 4 scrolls of fear {unknown}
 z - 2 scrolls of fog {unknown}
 A - a scroll of amnesia {unknown}
 E - a scroll of blinking {unknown}
 F - a scroll of summoning {unknown}
 G - a scroll of enchant weapon {unknown}
Potions
 d - 5 potions of might
 o - 2 potions of attraction {unknown}
 q - 4 potions of curing
 s - 2 potions of flight
 t - a potion of invisibility {unknown}
 u - a potion of haste {unknown}
 C - 2 potions of ambrosia {unknown}
 H - a potion of heal wounds
 K - a potion of mutation {unknown}


   Skills:
 - Level 3.6 Fighting
 - Level 14.4 Axes
 - Level 3.2 Armour
 + Level 8.7 Shields


You had 8 spell levels left.
You didn't know any spells.
Your spell library contained the following spells:

 Spells                   Type           Power      Damage    Failure   Level
 Sandblast                Erth           0%         2d4       82%         1
 Shock                    Conj/Air       0%         1d3       82%         1
 Ensorcelled Hibernation  Hex/Ice        0%         N/A       91%         2
 Passwall                 Tmut/Erth      0%         N/A       91%         2
 Static Discharge         Conj/Air       0%         N/A       91%         2
 Frozen Ramparts          Ice            0%         1d2       99%         3
 Spider Form              Tmut/Pois      0%         N/A       99%         3
 Stone Arrow              Conj/Erth      0%         3d7       99%         3
 Anguish                  Hex/Necr       0%         N/A       100%        4
 Ice Form                 Ice/Tmut       0%         N/A       100%        4
 Petrify                  Tmut/Erth      0%         N/A       100%        4
 Summon Ice Beast         Ice/Summ       0%         N/A       100%        4
 Lightning Bolt           Conj/Air       0%         1d11      100%        5
 Metabolic Englaciation   Hex/Ice        0%         N/A       100%        5
 Statue Form              Tmut/Erth      0%         N/A       100%        6
 Maxwell's Capacitive Co  Air            0%         ∞         100%        8


Dungeon Overview and Level Annotations

Branches:
Dungeon (8/15)             Temple (1/1) D:7         Ossuary (visited)
   Lair: D:8-11

Altars:
Ashenzari
Cheibriados
Dithmenos
Elyvilon
Fedhas
Gozag
Hepliaklqana
Kikubaaqudgha
Makhleb
Nemelex Xobeh
Okawaru
Qazlal
Ru
Sif Muna
Trog
Uskayaw
Vehumet
Wu Jian
Xom
Yredelemnul
Zin
The Shining One

Portals:
Abyss: D:3

Annotations:
D:3 2 transporters, Arex's ghost, amateur DsMo


Message History

The killer bee barely misses the killer bee.
The centaur wields a +0 shortbow.
The centaur shoots an arrow.
The arrow hits you.
* * * LOW HITPOINT WARNING * * *
The killer bee stings the killer bee. x2; The killer bee is poisoned.
The killer bee poisons the killer bee!
You feel very mighty all of a sudden.
You feel sick. The killer bee closely misses you.
The killer bee barely misses the killer bee.
The killer bee stings you but does no damage.
Unknown command.
You feel better.
The killer bee seems less confused. x3
The centaur shoots an arrow.
The arrow hits you!
* * * LOW HITPOINT WARNING * * *
You block the killer bee's attack.
The killer bee stings you but does no damage. x2
The centaur shoots an arrow.
The arrow hits you!
* * * LOW HITPOINT WARNING * * *
The killer bee closely misses you.
The killer bee stings you but does no damage.
Okay, then.
You block the killer bee's attack. x2; The killer bee barely misses you.
You block the killer bee's attack. The killer bee stings you.
* * * LOW HITPOINT WARNING * * *
You are lethally poisoned!
The killer bee poisons you! The killer bee closely misses you.
The killer bee barely misses you.
Unknown command.
You feel better. The killer bee closely misses you.
The killer bee stings you but does no damage.
The killer bee barely misses you. You block the killer bee's attack.
The killer bee stings you!
* * * LOW HITPOINT WARNING * * *
You are lethally poisoned!
The killer bee poisons you!
The killer bee stings you but does no damage.
You block the killer bee's attack. The killer bee stings you.
* * * LOW HITPOINT WARNING * * *
The killer bee closely misses you. The killer bee stings you.
You die...

############ #..........#
#.......y..#############
####......@y..#............
.........yyy.†')...........
###....c....!#......).....
#..........#.......#####
#..........#.......#
#..........#.......#
#..........#.......#
#####.############## #.#


You could see a centaur and 5 killer bees.

Vanquished Creatures
  Prince Ribbit (D:7)
  3 water moccasins
  2 black bears
  A necrophage (D:6)
  2 ogres
  Blork the orc (D:6)
  A bullfrog (D:6)
  A gnoll sergeant (D:5)
  A wyvern zombie (D:7)
  A scorpion (D:6)
  2 water moccasin zombies
  A water moccasin skeleton (D:4)
  6 killer bees (D:8)
  3 howler monkeys (D:8)
  2 centaur zombies
  3 hounds
  2 bullfrog zombies
  A gnoll shaman (D:6)
  4 orc priests
  A jelly (D:6)
  3 bullfrog skeletons (D:5)
  A centaur skeleton (D:6)
  Ijyb (D:5)
  2 iguanas
  An orc wizard (D:7)
  Natasha (thrice) (D:2)
  A killer bee zombie (D:7)
  A hound skeleton (D:4)
  9 mummies
  6 adders
  11 gnolls
  2 howler monkey zombies
  A shadow imp (D:6)
  A white imp (D:3)
  2 worms
  A dart slug (D:5)
  21 orcs
  5 endoplasms
  A giant cockroach (D:4)
  A gnoll zombie (Ossuary)
  8 goblins
  10 hobgoblins
  14 jackals
  11 kobolds
  2 quokkas
  8 ball pythons
  3 bats
  4 frilled lizards
  3 hobgoblin zombies
  2 kobold zombies (Ossuary)
  4 orc zombies
  3 rats
185 creatures vanquished.

Vanquished Creatures (others)
  A fungus (D:4)
1 creature vanquished.

Grand Total: 186 creatures vanquished

Notes
Turn   | Place    | Note
-------+----------+-------------------------------------------
     0 | D:1      | fragbeetle the Hill Orc Fighter began the quest for the
                  | Orb.
     0 | D:1      | Reached XP level 1. HP: 19/19 MP: 1/1
    50 | D:1      | Reached skill level 3 in Axes
   108 | D:1      | Reached XP level 2. HP: 26/26 MP: 2/2
   348 | D:1      | Reached skill level 4 in Axes
   785 | D:2      | Reached XP level 3. HP: 29/31 MP: 3/3
   955 | D:2      | Noticed Natasha
   966 | D:2      | Killed Natasha
   967 | D:2      | Reached skill level 5 in Axes
  1177 | D:2      | Reached XP level 4. HP: 39/39 MP: 4/4
  1367 | D:2      | Reached skill level 6 in Axes
  1724 | D:2      | Noticed Natasha
  1730 | D:2      | Killed Natasha
  1862 | D:2      | Noticed Natasha
  1871 | D:2      | Killed Natasha
  1872 | D:2      | Reached XP level 5. HP: 22/45 MP: 5/5
  2616 | D:3      | Reached skill level 7 in Axes
  2703 | D:3      | Found a shimmering blue altar of Sif Muna.
  2793 | D:3      | Got Sif Muna's Grimoire of the Birds
  2798 | D:3      | Found a bloodstained altar of Trog.
  3045 | D:3      | Reached skill level 8 in Axes
  3045 | D:3      | Reached XP level 6. HP: 41/51 MP: 6/6
  3224 | D:3      | Found a transporter.
  3231 | D:3      | Found a one-way gate to the infinite horrors of the Abyss.
  3231 | D:3      | Noticed Arex's ghost (amateur DsMo)
  3367 | D:3      | Found a transporter.
  3911 | D:4      | Reached skill level 9 in Axes
  4187 | D:4      | Found a sand-covered staircase.
  4195 | D:4      | Reached XP level 7. HP: 42/57 MP: 7/7
  4247 | Ossuary  | Entered an ossuary
  4512 | Ossuary  | Reached skill level 10 in Axes
  4719 | D:4      | Found a blossoming altar of Fedhas.
  4742 | D:4      | Found a stormy altar of Qazlal.
  4920 | D:5      | Entered Level 5 of the Dungeon
  4932 | D:5      | Noticed Ijyb
  4940 | D:5      | Killed Ijyb
  5347 | D:5      | Reached skill level 11 in Axes
  5499 | D:5      | HP: 2/57 [gnoll sergeant (3)]
  5512 | D:5      | HP: 1/57 [water moccasin (2)]
  5524 | D:5      | Reached XP level 8. HP: 21/64 MP: 8/8
  5821 | D:5      | Reached skill level 12 in Axes
  6404 | D:6      | Noticed Blork the orc
  6418 | D:6      | Killed Blork the orc
  6419 | D:6      | Reached skill level 13 in Axes
  6736 | D:6      | Reached skill level 14 in Axes
  6991 | D:6      | Identified the +1 ring mail "Nokk" {rF- Int+5}
  7090 | D:6      | Reached XP level 9. HP: 19/70 MP: 9/9
  7722 | D:6      | Reached skill level 5 in Shields
  7997 | D:7      | Found a staircase to the Ecumenical Temple.
  8082 | D:7      | Noticed Prince Ribbit
  8097 | D:7      | Killed Prince Ribbit
  8125 | Temple   | Entered the Ecumenical Temple
  8299 | Temple   | Became a worshipper of Uskayaw the Reveller
  8435 | D:7      | Reached * piety under Uskayaw
  8859 | D:8      | Reached ** piety under Uskayaw
  9315 | D:8      | Reached *** piety under Uskayaw
  9318 | D:8      | Reached **** piety under Uskayaw
  9321 | D:8      | Reached ***** piety under Uskayaw
  9340 | D:8      | HP: 1/70 [killer bee (5)]
  9340 | D:8      | Slain by a killer bee

Illustrated notes

Levels and vault maps discovered:
D:1:      lightli_iron_boxes, layout_basic, dk_noncrumbling_4
D:2:      layout_basic, uniq_natasha
D:3:      layout_loops_cross, nzn_overflow_gifts_of_might_and_magic,
          gammafunk_ghost_abyssal_escape, hex_tiny
D:4:      layout_cave_pools, grunt_temple_overflow_forces_of_nature,
          nicolae_ossuary_entry_giza
D:5:      layout_loops_ring, uniq_ijyb
D:6:      layout_basic, chequers_serial_rivers_micro_b, uniq_blork_the_orc
D:7:      layout_basic, minmay_temple_entry_statues_fountains,
          hangedman_abyss_or_decor_lesser_grid, supply_closet_lemuel,
          uniq_prince_ribbit1
D:8:      layout_basic
Temple:   mainiacjoe_temple_coin_purse

Skill      XL: |  1  2  3  4  5  6  7  8  9 |
---------------+----------------------------+-----
Axes           | 3 4 5 6 8 9 11 14 | 14.4
Shields        | 8 |  8.7
Fighting       | |  3.6
Armour         | |  3.2

Action                   |  1- 3 |  4- 6 |  7- 9 || total
-------------------------+-------+-------+-------++-------
Melee: War axe           |    71 |   200 |   361 ||   632
Throw: Throwing net      |       |       |     1 ||     1
Invok: Line Pass         |       |       |     1 ||     1
Evoke: Wand              |       |       |     4 ||     4
  Use: Potion            |       |       |    12 ||    12
 Stab: Held in net/web   |       |       |     2 ||     2
       Paralysed         |       |       |     1 ||     1
Armor: Scale mail        |    25 |    99 |   150 ||   274
       Skin              |       |       |    14 ||    14
Dodge: Dodged            |    35 |    71 |   147 ||   253
Block: Buckler           |    12 |    40 |    77 ||   129
